 Dungeon Crawl Stone Soup version 0.27-a0-412-g8dd771eca2 (webtiles) character file.

Game seed: 12089395969962908367

65 wampuh the Insei (level 3, -8/28 HPs)
             Began as a Draconian Transmuter on Feb 24, 2021.
             Mangled by an ice beast (13 damage)
             ... on level 2 of the Dungeon.
             The game lasted 00:02:43 (1638 turns).

wampuh the Insei (Draconian Transmuter)             Turns: 1638, Time: 00:02:44

Health: -8/28      AC:  5    Str: 12    XL:     3   Next: 94%
Magic:  6/6        EV: 12    Int: 13    God:
Gold:   88         SH:  5    Dex: 12    Spells: 5/6 levels left

rFire    . . .     SeeInvis .     - Unarmed
rCold    . . .     Faith    .   (no shield)
rNeg     . . .     Spirit   .   (armour unavailable)
rPois    .         Reflect  +   (helmet restricted)
rElec    .         Harm     .   d - scarf {repulsion}
rCorr    .         Rampage  .   (no gloves)
Will     .....                  (no boots)
Stlth    +.........             f - amulet of reflection
HPRegen  0.09/turn              (no ring)
MPRegen  0.10/turn              (no ring)

@: slowed, repel missiles, very slow
A: unfitting armour, cold-blooded, AC +5
a: no special abilities


You were on level 2 of the Dungeon.
You visited 1 branch of the dungeon, and saw 2 of its levels.

You collected 88 gold pieces.

Inventory:

Armour
 d - a scarf of repulsion (worn)
Jewellery
 f - an amulet of reflection (around neck)
Wands
 i - a wand of paralysis (6)
Scrolls
 g - a scroll of noise
 h - a scroll of identify
Potions
 b - 2 potions of haste
 c - a potion of berserk rage {unknown}
 e - a potion of curing {unknown}


   Skills:
 - Level 1.1 Fighting
 - Level 1.7 Dodging
 + Level 4.0 Unarmed Combat
 - Level 2.0 Spellcasting
 + Level 3.3 Transmutations


You had 5 spell levels left.
You knew the following spells:

 Your Spells              Type           Power        Failure   Level
a - Beastly Appendage     Tmut           18%          6%          1

Your spell library contained the following spells:

 Spells                   Type           Power        Failure   Level
 Wereblood                Tmut           9%           10%         2
 Spider Form              Tmut/Pois      2%           36%         3
 Ice Form                 Ice/Tmut       5%           78%         4
 Blade Hands              Tmut           4%           87%         5


Dungeon Overview and Level Annotations

Branches:
Dungeon (2/15)

Altars:

Annotations:
D:2 1 runed translucent door, Crazy Yiuf


Innate Abilities, Weirdness & Mutations

Your plain brown scales are hard. (AC +5)
You cannot fit into any form of body armour.
You are cold-blooded and may be slowed by cold attacks.


Message History

* * * LOW HITPOINT WARNING * * *
The ice beast hits you but does no damage.
You feel yourself speed up. The ice beast closely misses you.
Your transformation is almost over.
You see here a bat corpse.
Your horns disappear.
Your talons disappear.
There is a stone staircase leading up here.
You see here a goblin corpse.
Okay, then.
There is a stone staircase leading up here.
As you read the scroll labelled NUBRELE ANIEJ, it crumbles to dust.
You hear a loud clanging noise!
It was a scroll of noise.
The ice beast hits you but does no damage.
Blink to where?
Press: ? - help, Dir - move target
As you read the scroll labelled WAVAIM HYUT, it crumbles to dust.
It was a scroll of blinking.
You see here a bat corpse.
Found a scroll labelled ROCIDE LENEO.
There is a stone staircase leading up here.
You climb upwards.
There is a stone staircase leading down here.
You climb downwards.
Level annotation: 1 runed translucent door, Crazy Yiuf The ice beast closely misses you.
There is a stone staircase leading up here.
As you read the scroll labelled LURORROHECW, it crumbles to dust.
It is a scroll of identify.
b - 2 potions of haste The ice beast hits you.
The ice beast freezes you.
* * * LOW HITPOINT WARNING * * *
The ice beast hits you but does no damage.
The ice beast misses you.
Found 16 gold pieces.
The ice beast hits you.
* * * LOW HITPOINT WARNING * * *
The ice beast freezes you!
You feel yourself slow down.
You die...

#### ............. ...#
............# ##.# ##
.$.........# ...###..
#..$.......# .#...>.###
..........# .#.....#..
###.(.....#.## P..#
#.#.#####............#
.#.# #.#.##.....@....[..#
.#.# #.#.#..##...Y...(..#
#..###.....###..........#
...##..†Y...............#
##.....#######.........##
...###.### #.....>..##
#####....# #.......##
####....# #...)...#
##.......# #<......#


You could see an ice beast.

Vanquished Creatures
  2 adders (D:2)
  A dart slug (D:1)
  A leopard gecko (D:1)
  3 bats
  2 giant cockroaches (D:1)
  10 goblins
  5 hobgoblins (D:1)
  4 jackals (D:1)
  3 frilled lizards (D:1)
  5 kobolds (D:1)
  6 rats
42 creatures vanquished.

Vanquished Creatures (others)
  A plant (D:2)
1 creature vanquished.

Grand Total: 43 creatures vanquished

Notes
Turn   | Place    | Note
-------+----------+-------------------------------------------
     0 | D:1      | wampuh the Draconian Transmuter began the quest for the
                  | Orb.
     0 | D:1      | Reached XP level 1. HP: 16/16 MP: 3/3
   223 | D:1      | Reached XP level 2. HP: 17/23 MP: 3/5
   763 | D:1      | Reached XP level 3. HP: 25/28 MP: 6/6
  1436 | D:2      | Reached skill level 4 in Unarmed Combat
  1473 | D:2      | Found a runed translucent door.
  1474 | D:2      | Noticed Crazy Yiuf
  1537 | D:2      | Noticed an ice beast
  1638 | D:2      | Mangled by an ice beast

Illustrated notes

Levels and vault maps discovered:
D:1:      dpeg_arrival_rhombus, layout_loops_ring, minmay_strange_pillars,
          minmay_quantized
D:2:      cheibrodos_old_hovel, layout_rooms, uniq_crazy_yiuf_cottage

Skill      XL: |  1  2  3 |
---------------+----------+-----
Transmutations | 3 |  3.3
Unarmed Combat | 4 |  4.0
Fighting       | |  1.1
Dodging        | |  1.7
Spellcasting   | |  2.0

Action                   || total
-------------------------++-------
Melee: Unarmed           ||    96
       Headbutt          ||    10
       Tailslap          ||     8
       Kick              ||     9
       Punch             ||     3
 Cast: Beastly Appendage ||    26
  Use: Scroll            ||     3
 Stab: Sleeping          ||     1
Armor: Skin              ||    26
Dodge: Dodged            ||    51
Block: Other             ||     3

Table legend: (Time is in decaauts)
 A = Elapsed time spent in this place.
 B = Non-inter-level travel time spent in this place.
 C = Inter-level travel time spent in this place.
 D = Time resting spent in this place.
 E = Time spent auto-exploring this place.
 F = Levels seen in this place.
 G = Mean time per level.
                   A        B        C        D        E       F      G
               +--------+--------+--------+--------+--------+-----+--------+
         Total |   1634 |   1619 |     15 |    281 |   1001 |   2 |  817.0 |
       Dungeon |   1634 |   1619 |     15 |    281 |   1001 |   2 |  817.0 |
               +--------+--------+--------+--------+--------+-----+--------+

Top non-repeatable levels by time:
     D:1: 1293 daAuts
     D:2: 340 daAuts
